[Event "Panevezys ELITE Open 2021"]
[Site "Panevezys, Lithuania"]
[Date "2021.07.31"]
[Round "2.1"]
[White "Sulskis, Sarunas"]
[Black "Meshkovs, Nikita"]
[Result "1-0"]
[WhiteElo "2523"]
[BlackElo "2568"]
[PlyCount "93"]
[EventDate "2021.??.??"]
[TimeControl "90/40+30:0"]
[WhiteClock "0:18:07"]
[BlackClock "0:07:23"]

1. e4 c5 2. Nc3 Nc6 3. Bb5 g6 4. Bxc6 bxc6 5. d4 Bg7 6. dxc5 Qa5 7. Nge2 Qxc5 8. Be3 Qa5 9. Qd2 Rb8 10. b3 Nf6 11. Rd1 O-O 12. O-O Qc7 13.
Bf4 d6 14. Bh6 Bxh6 15. Qxh6 d5 16. exd5 cxd5 17. Nxd5 Nxd5 18.
Rxd5 Qxc2 19. Nd4 Qe4 20. Nf3 f6 21. Re1 Qxd5 22. Rxe7 Qf7 23. Rxf7 Rxf7 24. Qf4 Rb6 25. h4 Bd7 26. Kh2 Kg7 27. Nd4 Bc8 28.
f3 Re7 29. Kg3 Re5 30. Qc1 Be6 31. Qc7+ Bf7 32. Qxa7 Rd6 33. a4 Red5 34. Nb5 Rd7 35. Qb6 Re5 36. Nc3 Rd3 37. Qc6 Bxb3 38. Ne4 Be6 39. a5 Rd7 40.
a6 Rf7 41. Nd6 Bd5 42. Qc8 Ra7 43. Nb5 Rf7 44. Nc7 Bc6 45. Ne6+ Rxe6 46. Qxe6 Ba8 47. h5 1-0

[Event "Panevezys ELITE Open 2021"]
[Site "Panevezys, Lithuania"]
[Date "2021.07.31"]
[Round "2.2"]
[White "Juksta, Karolis"]
[Black "Kazakouski, Valery"]
[Result "1/2-1/2"]
[WhiteElo "2438"]
[BlackElo "2499"]
[PlyCount "80"]
[EventDate "2021.??.??"]
[TimeControl "90/40+30:0"]
[WhiteClock "0:00:48"]
[BlackClock "0:06:34"]

1. d4 Nf6 2. c4 e6 3. Nc3 Bb4 4. f3 c5 5. d5 O-O 6. e4 exd5 7. cxd5 d6 8. Nge2 Re8 9. Ng3 Nbd7 10. Be2 a6 11. O-O Ne5 12. Kh1 h6 13. Qc2 Bd7 14. Nd1 c4 15.
Ne3 b5 16. Nef5 Ng6 17. Be3 Bxf5 18. Nxf5 Ne7 19. Nxe7+ Qxe7 20.
Rad1 Rac8 21. a3 Bc5 22. Bc1 Nd7 23. g4 Ne5 24. Bf4 g5 25. Bg3 Ng6 26. b3 cxb3 27. Qxb3 Ra8 28. Rd2 Qf6 29. Rc1 Nf4 30. Bf1 h5 31. gxh5 Nxh5 32. Bh3 Kg7 33. Rg2 Nxg3+ 34. Rxg3 Rh8 35. Bf5 Rh5 36. f4 Rah8 37. h3 Kf8 38. fxg5 Rxg5 39. Rxg5 Qxg5 40. Rf1 Rg8 1/2-1/2

[Event "Panevezys ELITE Open 2021"]
[Site "Panevezys, Lithuania"]
[Date "2021.07.31"]
[Round "2.3"]
[White "Stremavicius, Pijus"]
[Black "Kalvaitis, Sigitas"]
[Result "1/2-1/2"]
[WhiteElo "2146"]
[BlackElo "2164"]
[PlyCount "58"]
[EventDate "2021.??.??"]
[TimeControl "90/40+30:0"]
[WhiteClock "0:48:53"]
[BlackClock "0:28:51"]

1. Nf3 Nf6 2. d4 d5 3. g3 e6 4. Bg2 Be7 5. O-O O-O 6. c4 dxc4 7. Qa4 a6 8.
Qxc4 b5 9. Qc2 Bb7 10. Bd2 Nc6 11. e3 Nb4 12. Bxb4 Bxb4 13. Ne5 Bxg2 14. Kxg2 Qd5+ 15. Nf3 g5 16. h3 h5 17. g4 hxg4 18. hxg4 Kg7 19. a3 Be7 20.
Nc3 Qb7 21. Rh1 Rh8 22. Rac1 Nxg4 23. Rxh8 Rxh8 24. Qe4 Qxe4 25.
Nxe4 Nf6 26. Nxf6 Bxf6 27. Rxc7 Rb8 28. b4 a5 29. bxa5 Ra8 1/2-1/2

[Event "Panevezys ELITE Open 2021"]
[Site "Panevezys, Lithuania"]
[Date "2021.07.31"]
[Round "2.4"]
[White "Carlsson, Ludvig"]
[Black "Brazdzionis, Andrius"]
[Result "0-1"]
[WhiteElo "2258"]
[BlackElo "2321"]
[PlyCount "44"]
[EventDate "2021.??.??"]
[TimeControl "90/40+30:0"]
[WhiteClock "0:55:52"]
[BlackClock "1:10:56"]

1. d4 Nf6 2. c4 e6 3. Nc3 Bb4 4. a3 Bxc3+ 5. bxc3 c5 6. e3 Nc6 7. Bd3 d6 8. Ne2 e5 9. d5 e4 10. Bb1 Ne5 11. Ng3 O-O 12. Nxe4 Nxe4 13. Bxe4 Qh4 14. Bd3 Bg4 15. Qc2 Rae8 16. O-O Nf3+ 17. gxf3 Bxf3 18. Bxh7+ Qxh7 19. Qxh7+ Kxh7 20. Rb1 Re5 21. Re1 Rg5+ 22. Kf1 Rg2 0-1

[Event "Panevezys ELITE Open 2021"]
[Site "Panevezys, Lithuania"]
[Date "2021.07.31"]
[Round "2.5"]
[White "Salna, Aleksandras"]
[Black "Sedykh, Mikhail"]
[Result "1-0"]
[WhiteElo "2166"]
[BlackElo "2119"]
[PlyCount "106"]
[EventDate "2021.??.??"]
[TimeControl "90/40+30:0"]
[WhiteClock "1:06:11"]
[BlackClock "0:28:46"]

1. d4 d5 2. c4 e6 3. Nc3 Nf6 4. Nf3 Be7 5. Bf4 O-O 6. e3 b6 7. Bd3 c5 8.
cxd5 exd5 9. O-O Bg4 10. h3 Bh5 11. dxc5 bxc5 12. g4 Bg6 13. Bxg6 hxg6 14. g5 Ne4 15. Qxd5 Qxd5 16. Nxd5 Bd8 17. Ne5 Kh7 18. Rac1 Na6 19. h4 f6 20. gxf6 gxf6 21. Nc4 g5 22. hxg5 fxg5 23. Be5 Rc8 24. f3 Nf6 25.
Rcd1 Nb8 26. Nd6 Rc6 27. Nxf6+ Bxf6 28. Bxf6 Rxf6 29. Ne4 Rf5 30.
Rd8 Rb6 31. b3 Nc6 32. Rd7+ Kg6 33. Rd6+ Kg7 34. Ng3 Re5 35. Rfd1 Kf7 36. Ne4 g4 37. Rd7+ Ne7 38. Nd6+ Rxd6 39. R1xd6 Rxe3 40. fxg4 Rg3+ 41. Kf2 Rxg4 42. Rxa7 Re4 43. Rdd7 Ke8 44. Rxe7+ Rxe7 45.
Rxe7+ Kxe7 46. Ke3 Kd6 47. Kd3 Kd5 48. Kc3 Kd6 49. Kc4 Kc6 50.
a3 Kb6 51. a4 Kc6 52. a5 Kd6 53. Kb5 Kd5 1-0

[Event "Panevezys ELITE Open 2021"]
[Site "Panevezys, Lithuania"]
[Date "2021.07.31"]
[Round "2.6"]
[White "Greicius, Pijus"]
[Black "Steponavicius, Stasys"]
[Result "1/2-1/2"]
[WhiteElo "1902"]
[BlackElo "2209"]
[PlyCount "63"]
[EventDate "2021.??.??"]
[TimeControl "90/40+30:0"]
[WhiteClock "0:21:21"]
[BlackClock "0:03:55"]

1. d4 Nf6 2. c4 e6 3. Nc3 Bb4 4. f3 Nc6 5. a3 Bxc3+ 6. bxc3 b6 7. e4 Ba6 8.
Bd3 Na5 9. Qe2 Nb3 10. Rb1 Nxc1 11. Rxc1 Qe7 12. Ra1 e5 13. Nh3 O-O 14. O-O d6 15. Kh1 Rae8 16. Rae1 Bc8 17. Nf2 Nh5 18. g3 Qg5 19. Nd1 Re6 20. Ne3 Rh6 21. Kg1 Bh3 22. Nf5 Bxf5 23. exf5 Nf4 24. Qe3 Qh5 25. h4 g6 26. gxf4 Qxh4 27. Re2 exf4 28. Qd2 Qh1+ 29. Kf2 Qh4+ 30. Kg1 Qh1+ 31. Kf2 Qh4+ 32. Kg1 1/2-1/2

[Event "Panevezys ELITE Open 2021"]
[Site "Panevezys, Lithuania"]
[Date "2021.07.31"]
[Round "2.7"]
[White "Butvilas, Aistis"]
[Black "Bagvilas, Lukas"]
[Result "1-0"]
[WhiteElo "2088"]
[BlackElo "2000"]
[PlyCount "97"]
[EventDate "2021.??.??"]
[TimeControl "90/40+30:0"]
[WhiteClock "0:30:21"]
[BlackClock "0:31:08"]

1. d4 e6 2. c4 d5 3. Nc3 c6 4. Nf3 dxc4 5. g3 Nf6 6. Bg2 Nbd7 7. O-O Be7 8. Qc2 O-O 9. Rd1 b5 10. Ng5 Qb6 11. a4 b4 12. a5 Qa6 13.
Na4 h6 14. Nf3 Qb5 15. e4 Ba6 16. Bf4 Rac8 17. Nd2 b3 18. Qc1 Bb4 19. Nc3 Qb7 20. Ndb1 Rfd8 21. Ra4 Re8 22. Bh3 Rcd8 23. e5 Nd5 24. Ne4 Nxf4 25. Qxf4 Qb8 26. Bg4 c5 27. Nd6 Re7 28. Nxf7 Rf8 29. Nxh6+ gxh6 30. Qxh6 Qe8 31. Bh5 Qc8 32. Bg4 Qe8 33. Bh5 Qc8 34. Bg4 Rfe8 35.
Nd2 Bxd2 36. Rxd2 Qc6 37. d5 Qxa4 38. Bxe6+ Rxe6 39. dxe6 Nf8 40. Rd7 Qxd7 41. exd7 Nxd7 42. Qg6+ Kf8 43. e6 Re7 44. Qf5+ Ke8 45.
exd7+ Rxd7 46. Qe6+ Kd8 47. Qxa6 Rd4 48. Qxa7 c3 49. Qb6+ 1-0

[Event "Panevezys ELITE Open 2021"]
[Site "Panevezys, Lithuania"]
[Date "2021.07.31"]
[Round "2.9"]
[White "Milovs, Daniels"]
[Black "Bazevicius, Albertas"]
[Result "1-0"]
[WhiteElo "1743"]
[BlackElo "1867"]
[PlyCount "105"]
[EventDate "2021.??.??"]
[TimeControl "90/40+30:0"]
[WhiteClock "0:15:52"]
[BlackClock "0:24:15"]

1. e4 c5 2. Be2 Nc6 3. f4 g6 4. Nf3 Bg7 5. d3 d6 6. c3 Nh6 7. O-O O-O 8.
Na3 e6 9. Nc2 d5 10. e5 b6 11. h3 f6 12. d4 Bd7 13. Be3 Qe7 14. Qd2 Nf7 15.
exf6 Bxf6 16. Ne5 c4 17. Rae1 b5 18. Bf2 Ncxe5 19. dxe5 Bg7 20. b4 Rfc8 21. Nd4 Bh6 22. Be3 Kh8 23. Bf3 Rg8 24. Bxd5 exd5 25. e6 Bg7 26. exd7 Qxd7 27. f5 Nd6 28. fxg6 hxg6 29. Qf2 Rgf8 30. Qh4+ Kg8 31. Qg5 Nf5 32. Qxg6 Nxe3 33. Rxf8+ Rxf8 34. Rxe3 Qf7 35. Qxf7+ Rxf7 36. Nxb5 Bh6 37. Re5 Bf4 38. Rxd5 Be3+ 39. Kh2 Bf4+ 40. Kg1 Be3+ 41. Kh2 Rf2 42. Kg3 Rxa2 43. Nd6 Bf2+ 44. Kf3 Be1 45. Ne4 Ra3 46. Ra5 Rb3 47. Rxa7 Bxc3 48. Nxc3 Rxc3+ 49. Kf2 Rb3 50. Rb7 Rb2+ 51. Kg1 c3 52. Rc7 c2 53. Kh2 1-0

[Event "Panevezys ELITE Open 2021"]
[Site "Panevezys, Lithuania"]
[Date "2021.07.31"]
[Round "2.10"]
[White "Voroblievas, Arturas"]
[Black "Michailov, Andrej"]
[Result "1-0"]
[WhiteElo "1699"]
[BlackElo "1645"]
[PlyCount "65"]
[EventDate "2021.??.??"]
[TimeControl "90/40+30:0"]
[WhiteClock "0:17:51"]
[BlackClock "0:00:40"]

1. e4 e5 2. Nf3 Nc6 3. Bb5 a6 4. Ba4 Nf6 5. O-O Be7 6. Re1 b5 7. Bb3 O-O 8. h3 d6 9. c3 Na5 10. Bc2 c5 11. a4 Bd7 12. d3 Nc6 13. Nbd2 Qc7 14. Nf1 d5 15. Ng3 Rfe8 16. exd5 Nxd5 17. Bb3 Be6 18. Qe2 Nxc3 19. bxc3 Bxb3 20. axb5 axb5 21. Rxa8 Rxa8 22. Qb2 c4 23.
dxc4 Bxc4 24. Nf5 Bc5 25. Be3 Qb6 26. Qc2 g6 27. Nh6+ Kg7 28.
Ng4 Bxe3 29. Nxe3 Qc5 30. Qe4 Ra2 31. Qh4 Bd3 32. Ng4 Qd6 33.
Qh6+ 1-0